 Dungeon Crawl Stone Soup version 0.17.1-1-g73c8601 (webtiles) character file.

134 Larett the Insei (level 5, -1/28 HPs)
             Began as a Vine Stalker Monk on Dec 18, 2015.
             Slain by an ogre
             ... wielding a +0 giant club
              (20 damage)
             ... on level 4 of the Dungeon.
             The game lasted 00:09:15 (2891 turns).

Larett the Insei (Vine Stalker Monk)                Turns: 2891, Time: 00:09:15

Health: -1/28      AC:  6    Str: 14    XL:     5   Next: 17%
Magic:  0/6        EV: 14    Int: 10    God:
Gold:   119        SH:  0    Dex: 17    Spells: 0 memorised, 4 levels left

rFire  . . .     SeeInvis .       - Unarmed
rCold  . . .     Clarity  .     q - +2 robe {rN+}
rNeg   + . .     SustAt   .     (no shield)
rPois  .         Gourm    .     (no helmet)
rElec  .         Spirit   +     k - +0 cloak
rCorr  .         Warding  .     (no gloves)
rMut   .         Stasis   .     w - +0 pair of boots
MR     .....                    (no amulet)
Stlth  ++........               (no ring)
                                t - ring of wizardry

@: not resistant to hostile enchantments, unstealthy
A: fangs 2, regeneration 1, magic shield, antimagic bite, no device heal 3, rot
immunity
a: no special abilities


You were on level 4 of the Dungeon.
You were not hungry.

You visited 1 branch of the dungeon, and saw 4 of its levels.

You collected 119 gold pieces.

Inventory:

Hand Weapons
 a - a +0 hunting sling
Missiles
 g - 77 stones (quivered)
 o - 9 arrows
 p - 8 sling bullets
 x - 11 silver bolts
Armour
 k - a +0 cloak (worn)
 q - a +2 robe of positive energy (worn)
 w - a +0 pair of boots (worn)
Jewellery
 t - a ring of wizardry (left hand)
Scrolls
 c - 5 scrolls of magic mapping
 e - 2 scrolls of immolation {unknown}
 f - a scroll of remove curse {unknown}
 h - a scroll of fear {unknown}
 i - a scroll of enchant armour {unknown}
 l - 4 scrolls of identify {unknown}
 m - a scroll of random uselessness {unknown}
 r - a scroll of fog {unknown}
 y - a scroll of recharging {unknown}
Potions
 j - a potion of curing {unknown}
 n - a potion of haste {unknown}
 s - a potion of mutation {unknown}
Comestibles
 b - 6 bread rations
 d - 3 meat rations
 u - 4 chunks of flesh
 v - a royal jelly


   Skills:
 * Level 3.6 Fighting
 * Level 3.4 Dodging
 - Level 2.4 Stealth
 * Level 4.8 Unarmed Combat


You had 4 spell levels left.
You didn't know any spells.

Dungeon Overview and Level Annotations

Branches:
Dungeon (4/15)
 Temple: D:4-7

Altars:
Fedhas
Nemelex Xobeh
Vehumet
Xom

Annotations:
D:3 nramsey34's ghost, amateur OpEn


Innate Abilities, Weirdness & Mutations

You have extremely sharp teeth.
Your natural rate of healing is unusually fast.
When hurt, damage is shared between your health and your magic reserves.
Your bite disrupts and absorbs the magic of your enemies.
Potions and wands cannot restore your health.
You are immune to rotting.


Message History

Press: ? - help, Shift-Dir - straight line, f/p - ogre
Aim: an ogre, wielding a giant club (moderately wounded)
You shoot a sling bullet.
The sling bullet hits the ogre but does no damage.
The ogre is moderately wounded.
Firing (i - inventory. (,) - cycle):
p - 9 sling bullets (quivered)
Press: ? - help, Shift-Dir - straight line, f/p - ogre
Aim: an ogre, wielding a giant club (moderately wounded)
You shoot a sling bullet.
The sling bullet barely misses the ogre.
A giant cockroach comes into view.
You are now empty-handed.
You hit the ogre. You punch the ogre. You bite the ogre. You drain its power.
The ogre is severely wounded.
The ogre hits you with a giant club!
You hit the ogre. You bite the ogre, but do no damage.
The ogre is severely wounded.
The ogre hits you with a giant club!!
Ouch! That really hurt!
You die...

. ### ... ..## ....
...#####.... #.#........
#.......... #.@O.(.s((
#......... ##........#
##....####.. .
#.....#### # .. #.
###........# ....#
#.##.......##.# ....###
#.#.......###.###.......
#..........##...........


You could see an ogre and a giant cockroach.

Vanquished Creatures
  Jessica (D:2)
  A gnoll (D:1)
  2 adders
  An ooze (D:3)
  An adder skeleton (D:4)
  A worm (D:2)
  5 giant geckos
  4 orcs
  7 bats
  A giant cockroach (D:4)
  8 goblins
  7 hobgoblins
  2 jackals (D:2)
  5 quokkas
  2 ball pythons
  3 giant newts
  5 kobolds
  8 rats
64 creatures vanquished.

Vanquished Creatures (others)
  A rat (D:1)
1 creature vanquished.

Grand Total: 65 creatures vanquished

Notes
Turn   | Place    | Note
--------------------------------------------------------------
     0 | D:1      | Larett the Vine Stalker Monk began the quest for the Orb.
     0 | D:1      | Reached XP level 1. HP: 11/11 MP: 2/2
   116 | D:1      | Reached XP level 2. HP: 6/16 MP: 1/3
   847 | D:1      | Reached XP level 3. HP: 5/20 MP: 1/4
  1093 | D:2      | Found a faded altar to an unknown god.
  1256 | D:2      | Found a shimmering altar of Xom.
  1653 | D:2      | Noticed Jessica
  1668 | D:2      | Killed Jessica
  1668 | D:2      | Reached XP level 4. HP: 24/24 MP: 5/5
  1928 | D:3      | Found a sparkling altar of Nemelex Xobeh.
  1928 | D:3      | Found a blossoming altar of Fedhas.
  1928 | D:3      | Found a radiant altar of Vehumet.
  2103 | D:3      | Noticed nramsey34's ghost (amateur OpEn)
  2774 | D:4      | Reached XP level 5. HP: 28/28 MP: 6/6
  2873 | D:4      | Noticed an ogre
  2891 | D:4      | Slain by an ogre

Action                   |  1- 3 |  4- 6 || total
-------------------------+-------+-------++-------
Melee: Unarmed           |   107 |    87 ||   194
 Fire: Hunting sling     |       |     5 ||     5
Throw: Stone             |     2 |     6 ||     8
  Use: Scroll            |     1 |       ||     1
 Stab: Sleeping          |     7 |     3 ||    10
       Distracted        |     1 |       ||     1
  Eat: Chunk             |     2 |     4 ||     6
